 Dungeon Sprint DCSS version 0.30-a0-1094-g860fb061e7 (webtiles) character file.

Game seed: 13811450243400394799

14 fozzywoppz the Conjurer (level 2, -3/24 HPs)
             Began as a Draconian Conjurer on Apr 18, 2023.
             Was an Initiate of Jiyva.
             Slain by Prince Ribbit (9 damage)
             ... in the Dungeon (Sprint VII: "The Pits").
             The game lasted 00:03:23 (346 turns).

fozzywoppz the Conjurer (Draconian Conjurer)         Turns: 346, Time: 00:03:23

Health: -3/24      AC:  4    Str:  9    XL:     2   Next: 31%
Magic:  0/5        EV: 12    Int: 18    God:    Jiyva [......]
Gold:   0          SH:  0    Dex:  9    Spells: 3/6 levels left

rFire   . . .      SeeInvis .    (no weapon)
rCold   . . .      Faith    .    (no shield)
rNeg    . . .      Spirit   .    (body armour unavailable)
rPois   .          Reflect  .    (helmet restricted)
rElec   .          Rampage  .    (no cloak)
rCorr   .          NoTele   +    (no gloves)
Will    .....                    (no boots)
Stlth   ++                       (no amulet)
HPRegen 0.24/turn                (no ring)
MPRegen 0.09/turn                (no ring)

@: very slightly contaminated
A: AC +4, unfitting armour, cold-blooded
a: Renounce Religion


You were in the Dungeon.
You worshipped Jiyva.
Jiyva was noncommittal.
You visited 1 branch

Inventory:

Scrolls
 f - a scroll of blinking
 h - 5 scrolls of amnesia
 i - a scroll of butterflies
Potions
 a - 5 potions of magic
 b - 5 potions of heal wounds
 c - 5 potions of curing
 d - a potion of haste
 e - 3 potions of berserk rage
 g - 2 potions of invisibility


   Skills:
 + Level 2.0 Fighting
 + Level 2.6 Dodging
 + Level 2.7 Stealth
 + Level 0.0 Unarmed Combat
 + Level 2.7 Spellcasting
 + Level 4.5 Conjurations


You had 3 spell levels left.
You knew the following spells:

 Your Spells              Type           Power      Damage    Failure   Level
a - Magic Dart            Conj           72%        1d6       2%          1
b - Searing Ray           Conj           36%        2d5       4%          2

Your spell library contained the following spells:

 Spells                   Type           Power      Damage    Failure   Level
 Dazzling Flash           Conj/Hex       20%        N/A       21%         3
 Fulminant Prism          Conj/Hex       5%         3d6       54%         4
 Iskenderun's Mystic Bla  Conj/Tloc      10%        2d4       54%         4


Dungeon Overview and Level Annotations

Branches:
Dungeon (1/1)

Altars:
Ashenzari
Cheibriados
Dithmenos
Elyvilon
Fedhas
Gozag
Hepliaklqana
Kikubaaqudgha
Makhleb
Nemelex Xobeh
Okawaru
Qazlal
Ru
Sif Muna
Trog
Uskayaw
Vehumet
Wu Jian
Xom
Yredelemnul
Zin
The Shining One
Jiyva
Lugonu

Annotations:
D Prince Ribbit


Innate Abilities, Weirdness & Mutations

Your plain brown scales are hard. (AC +4)
You cannot fit into any form of body armour.
You are cold-blooded and may be slowed by cold attacks.


Message History

You open the door.
Prince Ribbit blinks!
Casting: Magic Dart (safe; 2% risk of failure)
Confirm with . or Enter, or press ? or * to list all spells.
Aiming: Magic Dart (safe; 2% risk of failure)
Press: ? - help, Shift-Dir - straight line, f/p - Prince Ribbit
Aim: Prince Ribbit (moderately wounded, 100% to hit)
The magic dart hits Prince Ribbit.
Prince Ribbit is moderately wounded.
Casting: Magic Dart (safe; 2% risk of failure)
Confirm with . or Enter, or press ? or * to list all spells.
You don't have enough magic to cast this spell.
Unknown command.
You close the door.
You open the door.
Casting: Magic Dart (safe; 2% risk of failure)
Confirm with . or Enter, or press ? or * to list all spells.
Aiming: Magic Dart (safe; 2% risk of failure)
Press: ? - help, Shift-Dir - straight line, f/p - Prince Ribbit
Aim: Prince Ribbit (moderately wounded, 100% to hit)
You miscast Magic Dart.
You are very lightly contaminated with residual magic.
Nothing appears to happen.
Prince Ribbit closely misses you.
Prince Ribbit blinks!
There is an open door, spattered with blood here.
Casting: Magic Dart (safe; 2% risk of failure)
Confirm with . or Enter, or press ? or * to list all spells.
You don't have enough magic to cast this spell.
Prince Ribbit misses you. Prince Ribbit barely misses you.
You hit Prince Ribbit.
Prince Ribbit is moderately wounded.
Prince Ribbit hits you.
* * * LOW HITPOINT WARNING * * *
You barely miss Prince Ribbit.
Prince Ribbit is moderately wounded.
Prince Ribbit hits you but does no damage.
You barely miss Prince Ribbit.
Prince Ribbit is moderately wounded.
Prince Ribbit hits you but does no damage.
Prince Ribbit hits you!
You die...

#.?(.')))'.##......#..
##########.##.........
#...........+.........
#+#####.#####......#..
#.....#..##.........
#.....#))#####'#####
###'###))##.......#
#.....#))##.......#
#.F@†.#[[##.......#
####'##'###...<...#
#........##.......#
#........##.......#
###########.......#
#########


You could see Prince Ribbit.

Vanquished Creatures
  An adder (D)
  An adder skeleton (D)
  3 jackals (D)
  A kobold (D)
  A ball python (D)
7 creatures vanquished.

Vanquished Creatures (others)
  An acid blob (D)
  2 azure jellies (D)
  2 rockslimes (D)
  A hydra (D)
  A centaur warrior (D)
  A hellion (D)
  6 slime creatures (D)
  A ball python (D)
  An endoplasm (D)
16 creatures vanquished.

Grand Total: 23 creatures vanquished

Notes
Turn   | Place    | Note
-------+----------+-------------------------------------------
     0 | D        | fozzywoppz the Draconian Conjurer began the quest for the
                  | Orb.
     0 | D        | Reached XP level 1. HP: 14/14 MP: 3/3
    29 | D        | Reached skill level 1 in Fighting
    53 | D        | Found a bloodstained altar of Trog.
    53 | D        | Found a shimmering blue altar of Sif Muna.
    53 | D        | Found a viscous altar of Jiyva.
    53 | D        | Found a hazy altar of Hepliaklqana.
    53 | D        | Found an opulent altar of Gozag.
    54 | D        | Found a glowing golden altar of the Shining One.
    54 | D        | Found a glowing silver altar of Zin.
    54 | D        | Found a basalt altar of Yredelemnul.
    54 | D        | Found a shimmering altar of Xom.
    54 | D        | Found an ornate altar of the Wu Jian Council.
    54 | D        | Found a sacrificial altar of Ru.
    54 | D        | Found a stormy altar of Qazlal.
    54 | D        | Found an iron altar of Okawaru.
    54 | D        | Found a sparkling altar of Nemelex Xobeh.
    54 | D        | Found a burning altar of Makhleb.
    54 | D        | Found a blossoming altar of Fedhas.
    54 | D        | Found a white marble altar of Elyvilon.
    54 | D        | Found a shadowy altar of Dithmenos.
    54 | D        | Found a snail-covered altar of Cheibriados.
    55 | D        | Found a radiant altar of Vehumet.
    55 | D        | Found a corrupted altar of Lugonu.
    56 | D        | Found a hide-covered altar of Uskayaw.
    56 | D        | Found an ancient bone altar of Kikubaaqudgha.
    56 | D        | Found a broken altar of Ashenzari.
    72 | D        | Became a worshipper of Jiyva Jettuocs the Shapeless
    74 | D        | Killed an acid blob
    75 | D        | Killed a hellion
    75 | D        | Killed a rockslime
    76 | D        | Killed a slime creature
    77 | D        | Killed a slime creature
    78 | D        | Killed a slime creature
    79 | D        | Killed a slime creature
    80 | D        | Killed a slime creature
    82 | D        | Killed a rockslime
    83 | D        | Killed a slime creature
    85 | D        | Noticed a floating eye
    86 | D        | Killed an eight-headed hydra
    89 | D        | Killed a centaur warrior
    90 | D        | Killed an azure jelly
    94 | D        | Killed an azure jelly
   127 | D        | Reached XP level 2. HP: 12/23 MP: 1/5
   144 | D        | Learned a level 2 spell: Searing Ray
   195 | D        | Noticed Prince Ribbit
   198 | D        | HP: 1/24 [Prince Ribbit (12)]
   346 | D        | Slain by Prince Ribbit

Illustrated notes

Levels and vault maps discovered:
D:        pitsprint [storerooms_1, entrance_room_1, metal_vault_7, armoury_1,
          mini_pit_1, grid_room_1, main_hall_1, silver_pit, the_coven_1,
          the_vestibule_1, steel_vault_2, golden_pit, hallway_of_sentries,
          crystal_vault_3, iron_vault_5, final_vault]

Skill      XL: |  1  2 |
---------------+-------+-----
Fighting       | 1 2 |  2.0
Dodging        | 2 |  2.6
Stealth        | 2 |  2.7
Spellcasting   | |  2.7
Conjurations   | |  4.5

Action                     || total
---------------------------++-------
  Melee: Unarmed           ||    69
         Tailslap          ||     7
   Cast: Magic Dart        ||    13
         Searing Ray       ||     2
    Use: Potion            ||     2
 Armour: Skin              ||    30
  Dodge: Dodged            ||    58

Table legend: (Time is in decaauts)
 A = Elapsed time spent in this place.
 B = Non-inter-level travel time spent in this place.
 C = Inter-level travel time spent in this place.
 D = Time resting spent in this place.
 E = Time spent auto-exploring this place.
 F = Levels seen in this place.
 G = Mean time per level.
                   A        B        C        D        E       F      G
               +--------+--------+--------+--------+--------+-----+--------+
         Total |    346 |    346 |      0 |    128 |      0 |   1 |  346.0 |
       Dungeon |    346 |    346 |      0 |    128 |      0 |   1 |  346.0 |
               +--------+--------+--------+--------+--------+-----+--------+

Top non-repeatable levels by time:
       D: 346 daAuts
